 Dungeon Crawl Stone Soup version 0.31-a0-949-g57150269e1 (webtiles) character file.

Game seed: 1324619206507259715

156 arthad the Insei (level 5, 0/35 HPs)
             Began as an Octopode Shapeshifter on Oct 21, 2023.
             Slain by an iguana (14 damage)
             ... on level 4 of the Dungeon.
             The game lasted 00:04:00 (2737 turns).

arthad the Insei (Octopode Shapeshifter)            Turns: 2737, Time: 00:04:00

Health: 0/35       AC:  1    Str: 13    XL:     5   Next: 38%
Magic:  14/14      EV: 12    Int: 13    God:
Gold:   78         SH:  9    Dex: 19    Spells: 4/4 levels left

rFire   . .          .
                       - Unarmed
rCold   . . .        i - +0 kite shield
rNeg    . . .        (helmet currently unavailable)
rPois   .            (no amulet)
rElec   .            e - ring of magical power
rCorr   .            f - +6 ring of dexterity
SInv    .            (no ring)
Will    .....        (no ring)
Stlth   +++          (no ring)
HPRegen 0.25/turn    (no ring)
MPRegen 0.14/turn    (no ring)
                     (no ring)

%: no passive effects
@: lethally poisoned (0 -> -4), beast-form
A: beast (slay +2), almost no armour, amphibious, 8 rings, camouflage 1,
gelatinous body 1, (nimble swimmer 1), tentacles
a: Begin Untransformation


You were on level 4 of the Dungeon.
You were a hulking beast.
You visited 1 branch of the dungeon, and saw 4 of its levels.

You collected 78 gold pieces.

Inventory:

Missiles
 h - 6 poisoned darts
Armour
 i - a +0 kite shield (worn)
Jewellery
 e - a ring of magical power (left tentacle)
 f - a +6 ring of dexterity (right tentacle)
Talismans
 b - a beast talisman (active)
 c - a flux talisman
 l - a dragon-blood talisman
Wands
 j - a wand of iceblast (8)
Scrolls
 g - a scroll of revelation {unknown}
 k - a scroll of poison {unknown}
 m - 3 scrolls of enchant armour
 n - a scroll of noise {unknown}
Potions
 a - a potion of lignification


   Skills:
 * Level 2.6 Fighting
 + Level 2.5 Dodging
 + Level 1.6 Stealth
 * Level 1.0 Shields
 * Level 3.8 Unarmed Combat
 * Level 3.7 Shapeshifting


You had 4 spell levels left.
You didn't know any spells.
Your spell library contained the following spells:

 Spells                   Type           Power      Damage    Failure   Level
 Sting                    Tmut/Pois      0%         1d3       77%         1
 Poisonous Vapours        Pois/Air       0%         N/A       88%         2
 Olgreb's Toxic Radiance  Pois           0%         N/A       100%        4


Dungeon Overview and Level Annotations

Branches:
Dungeon (4/15)
 Temple: D:4-7

Altars:
Kikubaaqudgha
Nemelex Xobeh


Innate Abilities, Weirdness & Mutations

You are a hulking beast.
Your limbs bulge with bestial killing power. (Slay +2)
You cannot wear most types of armour.
You are amphibious.
You can wear up to eight rings at the same time.
Your skin changes colour to match your surroundings (Stealth+).
Your rubbery body absorbs attacks. (AC +1, EV +1)
((You are camouflaged when in or above water. (Stealth+)))
You have tentacles for arms and can constrict up to eight enemies at once.


Message History

An adder and a kobold come into view.
You block the goblin's attack.
The ogre shouts!
The adder hisses angrily.
You tentacle-slap the goblin.
You kill the goblin!
You see here a +0 club.
Found 14 gold pieces.
Found an escape hatch in the ceiling.
You block the ogre's attack.
You tentacle-slap the ogre.
The ogre is lightly wounded.
The adder bites you.
You are poisoned.
The adder poisons you!
You tentacle-slap the ogre. You squeeze the ogre.
The ogre is moderately wounded.
You feel sick. The adder misses you. The ogre barely misses you.
The adder bites you.
You are more poisoned.
The adder poisons you!
The iguana hisses angrily.
You tentacle-slap the ogre.
The ogre is moderately wounded.
You feel sick. The adder bites you. The ogre barely misses you.
You closely miss the ogre.
The ogre is moderately wounded.
You feel sick. The adder closely misses you. The iguana bites you!
You block the adder's attack. You block the ogre's attack.
You are too injured to fight recklessly!
You are too injured to fight recklessly!
You are too injured to fight recklessly!
You are too injured to fight recklessly!
You are too injured to fight recklessly!
You are too injured to fight recklessly!
You are too injured to fight recklessly!
You are too injured to fight recklessly!
As you read the scroll labelled OSHEOB OHOK, it crumbles to dust.
It is a scroll of identify.
m - 3 scrolls of enchant armour You feel sick.
The adder barely misses you. The iguana bites you!
You die...

# #......... #
####.####.......
#l#.........##.##.
##.#.#####.### .#
...>.......# .
####..#.##.#
#..#.##.#
#########.......#
.....KOhl..........#
......S###.#..#.##.#
....... #........
......< .....#....
....... #.##..#.....
....... #. #..# ##.#
.....$. .. ...
######.


You could see an ogre, an iguana, an adder and a kobold.

Vanquished Creatures
  A scorpion (D:3)
  2 adders
  2 dart slugs
  An orc (D:3)
  5 ball pythons
  4 bats (D:1)
  6 endoplasms
  8 giant cockroaches
  4 goblins
  9 hobgoblins
  5 jackals (D:1)
  A quokka (D:1)
  2 frilled lizards (D:3)
  10 kobolds
  12 rats
72 creatures vanquished.

Notes
Turn   | Place    | Note
-------+----------+-------------------------------------------
     0 | D:1      | arthad the Octopode Shapeshifter began the quest for the
                  | Orb.
     0 | D:1      | Reached XP level 1. HP: 13/13 MP: 1/1
    12 | D:1      | Found a faded altar of an unknown god.
    28 | D:1      | Reached XP level 2. HP: 18/18 MP: 2/2
   500 | D:1      | Reached XP level 3. HP: 23/23 MP: 3/3
  1173 | D:2      | Reached skill level 1 in Stealth
  1247 | D:2      | Found a sparkling altar of Nemelex Xobeh.
  1460 | D:2      | Reached XP level 4. HP: 29/29 MP: 4/4
  1816 | D:3      | Noticed a scorpion
  1862 | D:3      | Killed a scorpion
  1863 | D:3      | Reached XP level 5. HP: 35/35 MP: 5/5
  2169 | D:3      | Reached skill level 1 in Shields
  2408 | D:3      | Found an ancient bone altar of Kikubaaqudgha.
  2728 | D:4      | Noticed an ogre
  2737 | D:4      | Slain by an iguana

Illustrated notes

Levels and vault maps discovered:
D:1:      mainiacjoe_arrival_oval_in_oval, layout_basic,
          hellmonk_ecumenical_altar_dog_temple
D:2:      layout_loops_ring, basic_altar
D:3:      layout_basic, lemuel_doored_altar
D:4:      layout_loops_cross, general_overflow_altar

Skill      XL: |  1  2  3  4  5 |
---------------+----------------+-----
Stealth        | 1 |  1.6
Fighting       | 2 |  2.6
Shields        | 1 |  1.0
Dodging        | |  2.5
Unarmed Combat | |  3.8
Shapeshifting  | |  3.7

Action                     |  1- 3 |  4- 6 || total
---------------------------+-------+-------++-------
  Melee: Unarmed           |    70 |    54 ||   124
         Tentacles         |    18 |     9 ||    27
         Constrict         |    18 |     9 ||    27
         Punch             |     2 |     2 ||     4
    Use: Scroll            |       |     1 ||     1
   Stab: Sleeping          |    11 |     4 ||    15
         Distracted        |       |     1 ||     1
 Armour: Skin              |    17 |    14 ||    31
  Dodge: Dodged            |    34 |    18 ||    52
  Block: Kite shield       |       |    15 ||    15

Table legend: (Time is in decaauts)
 A = Elapsed time spent in this place.
 B = Non-inter-level travel time spent in this place.
 C = Inter-level travel time spent in this place.
 D = Time resting spent in this place.
 E = Time spent auto-exploring this place.
 F = Levels seen in this place.
 G = Mean time per level.
                   A        B        C        D        E       F      G
               +--------+--------+--------+--------+--------+-----+--------+
         Total |   2736 |   2641 |     95 |      0 |   2134 |   4 |  684.0 |
       Dungeon |   2736 |   2641 |     95 |      0 |   2134 |   4 |  684.0 |
               +--------+--------+--------+--------+--------+-----+--------+

Top non-repeatable levels by time:
     D:1: 1131 daAuts
     D:3: 937 daAuts
     D:2: 637 daAuts
     D:4: 30 daAuts
